 Dungeon Crawl Stone Soup version 0.27.0-66-gdc8fb28755 (webtiles) character file.

Game seed: 6740339318534272332

63 hawla the Grave Robber (level 3, -5/20 HPs)
             Began as a Deep Elf Necromancer on Aug 20, 2021.
             Slain by Sigmund (9 damage)
             ... on level 3 of the Dungeon on Aug 21, 2021.
             The game lasted 00:06:50 (3046 turns).

hawla the Grave Robber (Deep Elf Necromancer)       Turns: 3046, Time: 00:06:50

Health: -5/20      AC:  3    Str:  5    XL:     3   Next: 87%
Magic:  6/10       EV: 13    Int: 20    God:
Gold:   111        SH:  0    Dex: 15    Spells: 6/10 levels left

rFire    . . .     SeeInvis .   c - +3 whip (venom)
rCold    . . .     Faith    .   (no shield)
rNeg     . . .     Spirit   .   a - +0 robe
rPois    .         Reflect  .   (no helmet)
rElec    .         Harm     .   (no cloak)
rCorr    .         Rampage  .   h - +0 pair of gloves
Will     .....                  (no boots)
Stlth    ++........             (no amulet)
HPRegen  0.06/turn              (no ring)
MPRegen  0.12/turn              (no ring)

@: no status effects
A: no striking features
a: no special abilities


You were on level 3 of the Dungeon.
You visited 1 branch of the dungeon, and saw 3 of its levels.

You collected 111 gold pieces.

Inventory:

Hand Weapons
 c - a +3 whip of venom (weapon)
Missiles
 f - 2 throwing nets
 i - 9 boomerangs
Armour
 a - a +0 robe (worn)
 h - a +0 pair of gloves (worn)
Jewellery
 b - a +6 ring of intelligence
Scrolls
 g - a scroll of blinking {unknown}
Potions
 d - a potion of heal wounds
 e - a potion of curing


   Skills:
 + Level 1.6 Fighting
 - Level 3.0 Dodging
 - Level 3.0 Stealth
 - Level 4.0 Spellcasting
 - Level 5.0 Necromancy


You had 6 spell levels left.
You knew the following spells:

 Your Spells              Type           Power      Damage    Failure   Level
a - Pain                  Necr           96%        1d8       1%          1
b - Vampiric Draining     Necr           12%        2d7       4%          3

Your spell library contained the following spells:

 Spells                   Type           Power      Damage    Failure   Level
 Animate Skeleton         Necr           48%        N/A       1%          1
 Animate Dead             Necr           12%        N/A       16%         4
 Agony                    Necr           24%        N/A       41%         5


Dungeon Overview and Level Annotations

Branches:
Dungeon (3/15)

Altars:

Annotations:
D:3 Sigmund


Message History

r - Retreat! s - Stop attacking. g - Guard the area. f - Follow me.
Anything else - Cancel.
You shout for attention!
Sigmund shouts!
Sigmund casts a spell.
Sigmund flickers and vanishes!
Deactivating autopickup; reactivate with Ctrl-A.
You see here a +0 short sword.
There is a stone staircase leading up here.
What are your orders? t - Shout!
Orders for allies: a - Attack new target. r - Retreat! s - Stop attacking. g - Guard the area. f - Follow me.
Anything else - Cancel.
You shout for attention!
Casting: Pain (safe; 1% risk of failure)
Confirm with . or Enter, or press ? or * to list all spells.
Aiming: Pain (safe; 1% risk of failure)
Press: ? - help, Shift-Dir - straight line Something writhes in agony.
Casting: Pain (safe; 1% risk of failure)
Confirm with . or Enter, or press ? or * to list all spells.
Aiming: Pain (safe; 1% risk of failure)
Press: ? - help, Shift-Dir - straight line Something writhes in agony.
Casting: Pain (safe; 1% risk of failure)
Confirm with . or Enter, or press ? or * to list all spells.
Aiming: Pain (safe; 1% risk of failure)
Press: ? - help, Shift-Dir - straight line Something writhes in agony.
Casting: Pain (safe; 1% risk of failure)
Confirm with . or Enter, or press ? or * to list all spells.
Aiming: Pain (safe; 1% risk of failure)
Press: ? - help, Shift-Dir - straight line Nothing appears to happen.
Something hits you!
Ouch! That really hurt!
* * * LOW HITPOINT WARNING * * *
Something hits you!
You die...

#......#.##......#.###..#.##
######......###..#.#.#.>...#
########......# #......#..##.#
..........#.#.###..###.#..#..#
###########.#...#....#.#..#.##
#.....#<#.#.........#.#
#.#####.#.########.##.# #.#
#.#..{.....).##.#
#.#####.#@###########.#
#.......#..# #.# ##########.#
###.# #......# #...# #......#
#.### ######.########.#
#.##.......# #.##.#######
#.##.#


There were no monsters in sight!

Vanquished Creatures
  4 ball pythons
  3 bats (D:1)
  3 endoplasms
  2 giant cockroaches (D:1)
  8 goblins
  6 hobgoblins
  6 jackals (D:1)
  8 kobolds
  6 quokkas
  3 frilled lizards
  3 rats
52 creatures vanquished.

Notes
Turn   | Place    | Note
-------+----------+-------------------------------------------
     0 | D:1      | hawla the Deep Elf Necromancer began the quest for the Orb.
     0 | D:1      | Reached XP level 1. HP: 10/10 MP: 6/6
   130 | D:1      | Reached XP level 2. HP: 4/15 MP: 0/8
   477 | D:1      | Reached skill level 5 in Necromancy
  1141 | D:1      | Reached XP level 3. HP: 19/20 MP: 7/9
  1145 | D:1      | Learned a level 3 spell: Vampiric Draining
  1219 | D:1      | Reached skill level 1 in Fighting
  2051 | D:2      | Found a faded altar of an unknown god.
  2724 | D:3      | Noticed Sigmund
  3046 | D:3      | Slain by Sigmund

Illustrated notes

Levels and vault maps discovered:
D:1:      wander_arrival_peaceful_grave, layout_loops_ring
D:2:      layout_rooms, hellmonk_ecumenical_altar_run_dry
D:3:      layout_basic, ebering_ghost_reflecting_pool, uniq_sigmund

Skill      XL: |  1  2  3 |
---------------+----------+-----
Necromancy     | 5 |  5.0
Stealth        | 3 |  3.0
Dodging        | 3 |  3.0
Fighting       | 1 |  1.6
Spellcasting   | 4 |  4.0

Action                   || total
-------------------------++-------
Melee: Whip              ||    24
 Cast: Pain              ||    70
  Use: Scroll            ||     5
 Stab: Sleeping          ||     1
Armor: Robe              ||     3
Dodge: Dodged            ||    24
